Map: Invader LE

Players

Crow - Winner!

  • Race: Zerg Zerg
  • League: Gold

capac

  • Race: Terran Terran
  • League: Gold

VOD

Have the link to the VOD?

Description

Time

  • Played on: April 16, 2016, 5:31 p.m.
  • Length: 28:26
Show
View Real Time Build Order
Export as new Build Order

Crow Zerg - Winner!

Build Orders: Hatch First, Muta Ling Bane 

Get SALT Encoding   

  12  0:01  Drone  
  13  0:08  Drone  
  14  0:15  Extractor  
  14  0:18  Drone  
  14  0:21  Extractor  
  14  0:22  Drone  
  16  0:45  Hatchery  
  15  0:51  Overlord  
  15  1:09  Drone x2  
  15  1:10  Drone  
  18  1:17  Extractor  
  18  1:26  Drone  
  19  1:33  Extractor  
  19  1:34  Spawning Pool  
  19  1:36  Drone  
  19  1:46  Extractor, Drone  
  19  1:53  Overlord  
  19  1:58  Drone  
  21  2:03  Extractor, Drone  
  21  2:11  Drone  
  21  2:13  Drone  
  24  2:20  Drone  
  24  2:21  Queen  
  24  2:22  Queen  
  28  2:25  Extractor  
  28  2:26  Zergling x2  
  28  2:30  Zergling x2  
  28  2:35  Drone  
  28  2:36  Extractor  
  29  2:39  Drone  
  30  2:45  Extractor  
  30  2:46  Drone  
  30  2:53  Drone  
  31  3:00  Drone  
  32  3:07  Drone x2  
  32  3:08  Roach Warren  
  32  3:11  Extractor  
  33  3:12  Drone  
  33  3:24  Drone x2  
  35  3:29  Drone  
  35  3:34  Metabolic Boost  
  35  3:37  Overlord  
  35  3:39  Overlord  
  35  3:41  Overlord  
  35  3:52  Overlord  
  35  3:56  Overlord  
  35  3:57  Drone x3  
  35  3:58  Drone  
  39  4:05  Drone  
  39  4:07  Drone x2  
  42  4:18  Roach x3  
  42  4:19  Roach  
  50  4:27  Hatchery  
  50  4:30  Roach  
  50  4:31  Roach x2  
  54  4:37  Roach x2  
  58  4:43  Roach x2  
  62  4:46  Roach  
  64  5:00  Ravager x2  
  64  5:02  Ravager x2  
  64  5:05  Ravager x2  
  70  5:08  Ravager  
  70  5:09  Ravager  
  70  5:11  Zergling x6  
  75  5:16  Lair  
  75  5:18  Overlord  
  75  5:23  Overlord  
  75  5:29  Overlord  
  75  5:41  Drone x4  
  75  5:42  Drone  
  80  5:49  Drone x2  
  83  5:50  Drone x5  
  70  6:16  Drone  
  70  6:17  Drone x4  
  70  6:18  Drone x3  
  75  6:23  Drone x3  
  77  6:27  Drone x3  
  77  6:28  Drone  
  81  6:39  Drone  
  82  6:40  Drone x4  
  82  6:43  Queen  
  82  6:45  Extractor  
  87  6:49  Extractor  
  86  6:57  Burrow, Pneumatized Carapace  
  86  7:03  Baneling Nest  
  86  7:07  Hatchery  
  84  7:11  Glial Reconstitution, Spore Crawler  
  84  7:14  Spine Crawler  
  82  7:16  Spire  
  82  7:18  Ravager x4  
  85  7:24  Extractor, Drone x2  
  85  7:25  Extractor, Drone  
  86  7:38  Zergling x8  
  86  7:39  Zergling x6  
  93  7:48  Spore Crawler  
  93  7:49  Spine Crawler  
  93  7:51  Drone x3  
  93  7:52  Drone x3  
  93  7:55  Drone  
  93  7:57  Drone  
  93  7:58  Drone  
  100  8:07  Baneling x2  
  100  8:08  Baneling x6  
  100  8:09  Baneling x4  
  100  8:17  Centrifical Hooks  
  100  8:19  Overlord x3  
  98  8:21  Hatchery  
  97  8:36  Hatchery  
  97  8:39  Drone x4  
  97  8:40  Queen  
  103  8:54  Mutalisk x10  
  121  8:58  Zerg Flyer Weapons Level 1  
  121  9:15  Zergling x4  
  123  9:20  Mutalisk  
  123  9:21  Mutalisk  
  124  9:54  Drone x5  
  124  9:55  Queen, Drone x4  
  135  10:05  Evolution Chamber  
  134  10:07  Drone  
  134  10:08  Infestation Pit, Evolution Chamber  
  134  10:10  Evolution Chamber  
  132  10:29  Spine Crawler, Spore Crawler  
  132  10:32  Overlord x2, Zerg Melee Weapons Level 1  
  132  10:33  Overlord x2  
  132  10:35  Drone x3  
  133  10:52  Zerg Flyer Armor Level 1  
  133  10:53  Hatchery  
  132  11:00  Mutalisk x3  
  132  11:01  Baneling x4, Mutalisk x8  
  154  11:48  Spore Crawler  
  154  11:49  Zerg Missile Weapons Level 1  
  154  11:50  Pathogen Glands, Zerg Ground Armor Level 1  
  153  11:54  Overlord  
  153  11:55  Overlord x3  
  153  11:58  Drone x3  
  156  12:07  Extractor  
  155  12:08  Extractor  
  155  12:11  Zergling x6  
  155  12:12  Zergling x8  
  158  12:30  Zergling x12  
  158  12:31  Zergling x8  
  158  12:35  Baneling x2  
  158  12:37  Baneling x4  
  168  12:39  Baneling x2  
  168  12:40  Zergling x4  
  168  12:41  Zergling x8  
  174  12:46  Zerg Flyer Weapons Level 2, Zerg Melee Weapons Level 2  
  174  12:49  Hive  
  174  12:53  Queen  
  174  12:54  Drone x3  
  174  12:55  Extractor, Drone  
  179  13:04  Drone x3  
  182  13:06  Drone  
  182  13:07  Drone x2  
  185  13:14  Baneling x2  
  185  13:15  Baneling x28  
  185  13:16  Baneling x5  
  185  13:17  Infestor x3  
  185  13:18  Infestor  
  193  13:21  Neural Parasite  
  193  13:29  Spore Crawler  
  193  13:33  Overseer  
  192  13:37  Baneling x3  
  192  13:38  Baneling x3  
  192  13:46  Zerg Missile Weapons Level 2  
  192  13:47  Zerg Ground Armor Level 2  
  192  14:00  Spore Crawler  
  191  14:15  Spore Crawler  
  190  14:19  Hatchery  
  190  14:21  Extractor  
  190  14:22  Extractor  
  187  14:30  Overlord  
  187  14:31  Overlord  
  187  14:36  Lair x3  
  185  14:39  Drone x3  
  186  14:59  Drone x5  
  192  15:00  Spine Crawler x2, Drone x4  
  192  15:01  Spine Crawler x2, Drone x5  
  192  15:02  Drone x2  
  198  15:10  Spine Crawler  
  198  15:14  Queen  
  199  15:22  Zerg Melee Weapons Level 3  
  199  15:24  Adrenal Glands  
  199  15:26  Zerg Flyer Weapons Level 3  
  199  15:29  Ultralisk Cavern  
  198  15:40  Spore Crawler  
  197  15:42  Spine Crawler  
  197  15:43  Spine Crawler  
  197  15:49  Spore Crawler  
  194  15:54  Spore Crawler  
  193  16:02  Spore Crawler  
  192  16:04  Spore Crawler  
  192  16:05  Drone  
  192  16:06  Queen  
  194  16:23  Spine Crawler  
  193  16:36  Hive x2  
  193  16:45  Spine Crawler  
  160  16:47  Spine Crawler  
  145  17:05  Ultralisk x4  
  145  17:06  Ultralisk x5  
  199  17:21  Zerg Missile Weapons Level 3  
  199  17:22  Zerg Ground Armor Level 3  
  199  17:24  Chitinous Plating  
  199  17:32  Spine Crawler, Spore Crawler  
  199  17:33  Spine Crawler  
  196  17:56  Overlord  
  196  17:57  Overlord  
  196  17:58  Overlord  
  196  17:59  Overlord  
  196  18:02  Zerg Flyer Armor Level 2  
  196  18:09  Lair x2  
  196  18:13  Hydralisk Den  
  195  18:21  Tunneling Claws  
  195  18:45  Overlord  
  195  18:52  Hatchery  
  194  19:09  Hive x3  
  194  19:10  Lurker Den  
  194  19:19  Hydralisk Den  
  192  19:35  Drone x5  
  192  19:36  Drone x2  
  199  19:48  Spore Crawler  
  199  19:49  Spine Crawler x2  
  199  19:50  Spine Crawler  
  199  19:51  Spore Crawler x2  
  199  19:52  Spine Crawler x2, Spore Crawler  
  190  19:59  Overlord x3  
  190  20:00  Overlord x3  
  190  20:01  Overlord  
  190  20:06  Lair  
  152  20:48  Zergling x2  
  152  20:49  Zergling x46  
  172  20:50  Zergling x4  
  172  21:03  Lurker Den  
  172  21:06  Muscular Augments  
  172  21:43  Overlord, Extractor  
  172  21:44  Overlord x2  
  172  21:45  Corruptor x3  
  172  21:46  Extractor, Corruptor x2  
  180  22:11  Viper  
  180  22:12  Viper x4  
  193  22:50  Infestor x3  
  199  22:54  Greater Spire  
  187  23:55  Drone x3  
  181  24:07  Zerg Flyer Armor Level 3  
  181  24:10  Brood Lord x5  
  181  24:13  Zergling x6  
  181  24:14  Zergling x10  
  195  25:50  Hive  
  195  26:01  Viper  
  198  26:43  Spore Crawler  
  198  26:44  Spore Crawler  
  196  26:52  Hatchery  
  195  26:59  Extractor x2  
  191  27:17  Zergling x12  
  191  27:18  Zergling x6  
  200  27:23  Spine Crawler  
  200  27:24  Spine Crawler x2  
  200  27:25  Spore Crawler  
  196  27:33  Spore Crawler  
  196  27:34  Spine Crawler, Spore Crawler  
  197  28:07  Drone x3  
Show
View Real Time Build Order
Export as new Build Order

capac Terran 

Build Orders: Reaper Expand 

Get SALT Encoding   

  12  0:01  SCV  
  13  0:13  SCV  
  14  0:18  Supply Depot  
  14  0:25  SCV  
  15  0:39  SCV  
  15  0:41  Barracks  
  16  0:45  Refinery  
  16  0:52  SCV  
  17  1:04  SCV  
  18  1:16  SCV  
  19  1:29  Supply Depot  
  19  1:43  Reaper  
  19  1:44  Orbital Command  
  20  2:00  Command Center  
  20  2:10  SCV  
  20  2:15  Barracks  
  21  2:25  SCV  
  22  2:34  Barracks Reactor  
  22  2:47  Factory  
  22  2:50  SCV  
  23  3:03  Barracks Tech Lab  
  23  3:07  Refinery, Barracks, SCV  
  23  3:12  Marine x2  
  25  3:27  Marine  
  25  3:29  Marine  
  25  3:30  Marine  
  25  3:32  Factory Tech Lab  
  28  3:40  Starport  
  28  3:45  Marine, SCV  
  28  3:47  Marine x2  
  32  3:49  Orbital Command  
  32  3:55  Stimpack  
  32  3:58  Marine, SCV  
  34  4:02  Marine  
  35  4:18  Orbital Command  
  35  4:20  Medivac  
  37  4:32  Marine x4  
  41  4:42  Engineering Bay  
  41  4:45  Supply Depot  
  41  4:46  SCV x2  
  43  5:02  SCV  
  43  5:03  SCV  
  43  5:05  Starport Reactor  
  43  5:06  Barracks Reactor  
  45  5:08  Siege Tank  
  48  5:16  Marine x3  
  48  5:19  Terran Infantry Weapons Level 1  
  51  5:25  Supply Depot  
  51  5:26  SCV x2  
  51  5:28  Barracks  
  53  5:47  Marine x4  
  53  5:49  Medivac x2  
  61  5:52  Supply Depot  
  40  6:17  Marine  
  40  6:18  Marine x4  
  41  6:22  Siege Tank  
  41  6:25  Orbital Command  
  46  6:35  Marine x2  
  46  6:36  Marine x3  
  50  6:48  SCV  
  50  6:52  SCV  
  50  6:53  Marine x3  
  55  6:57  Command Center  
  55  6:58  Barracks Reactor  
  55  7:00  SCV  
  56  7:04  SCV  
  56  7:05  Marine x2  
  59  7:11  Marine x3  
  59  7:12  SCV  
  63  7:16  SCV  
  64  7:24  Bunker  
  64  7:25  SCV  
  65  7:39  Marine x2  
  65  7:40  Marine x3  
  70  8:01  Supply Depot  
  70  8:03  Marine x4, SCV x2  
  76  8:15  SCV x2  
  76  8:19  Marine x3  
  79  8:21  Marine x4  
  79  8:25  Liberator x2  
  85  8:37  Marine x3  
  85  8:38  Marine x3  
  85  8:39  Marine  
  85  8:40  Siege Tank  
  95  8:46  Supply Depot  
  101  8:55  Marine x3  
  103  9:01  Marine x3  
  103  9:02  Marauder  
  109  9:07  Armory  
  109  9:08  SCV x2  
  111  9:11  Refinery  
  111  9:12  Refinery  
  111  9:27  Marine x6  
  117  9:42  Liberator  
  117  9:44  Marine  
  102  9:47  Marine x6  
  104  9:53  SCV x2  
  106  10:01  Marine  
  106  10:04  Marine  
  106  10:05  SCV  
  106  10:06  Liberator  
  112  10:08  Supply Depot  
  112  10:15  SCV  
  112  10:17  SCV  
  117  10:29  Supply Depot  
  117  10:31  Supply Depot, Missile Turret  
  117  10:36  Missile Turret  
  117  11:06  Medivac  
  119  11:33  Marine x6  
  119  11:34  Marauder  
  119  11:35  Medivac  
  129  11:43  Starport  
  129  11:45  Supply Depot  
  129  11:50  Marine  
  129  11:51  Marine x4  
  134  12:06  Marine  
  135  12:24  Marine x6  
  141  12:32  Supply Depot x2, Marauder  
  141  12:34  Starport Reactor  
  143  13:10  Starport  
  143  13:11  Starport  
  143  13:13  Starport  
  143  13:14  Liberator x2  
  149  13:58  Starport Reactor  
  149  14:01  Starport Reactor  
  149  14:03  Starport Reactor  
  148  14:45  Supply Depot x2  
  148  14:46  Supply Depot  
  148  14:47  Liberator  
  148  14:48  Liberator x2  
  148  14:49  Liberator x2  
  138  15:03  Supply Depot  
  138  15:05  Medivac  
  138  15:06  Medivac  
  157  15:07  Supply Depot  
  157  15:21  Medivac  
  157  15:22  Command Center  
  159  15:30  Liberator  
  159  15:40  Medivac x2  
  163  15:47  Liberator  
  163  15:49  Supply Depot  
  166  15:50  Supply Depot  
  166  15:58  Barracks Reactor  
  166  15:59  Marine x3  
  166  16:00  Marine  
  168  16:58  Barracks, Barracks Reactor  
  168  17:00  Barracks  
  168  17:18  Barracks  
  168  17:51  Orbital Command  
  168  17:55  Barracks Reactor x2  
  168  18:14  Refinery  
  168  18:15  Refinery  
  168  18:21  Liberator x2  
  168  18:31  Marine x5  
  168  18:32  Marine x4  
  183  19:20  Supply Depot  
  183  19:21  Supply Depot  
  183  19:22  Supply Depot  
  180  19:40  Marine  
  180  19:41  Marine x6  
  180  19:42  Marine x2  
  189  20:12  Command Center  
  189  20:29  Marine x3  
  189  20:30  Marine x2  
  129  20:43  Marine x5  
  129  20:44  Marine  
  129  20:47  Marine x4  
  139  21:02  Marine x2  
  139  21:03  Marine, Fusion Core  
  142  21:15  Siege Tank  
  144  22:40  Marine x6  
  144  22:41  Marine x5  
  155  22:57  Marine  
  155  22:58  Marine x4  
  158  23:03  Marine x3  
  158  23:04  Marine x3  
  166  23:15  Marine x2  
  162  24:21  Barracks Tech Lab, Barracks Reactor  
  127  26:24  Supply Depot  
  127  26:25  Supply Depot  
  127  26:26  Supply Depot  
  127  26:31  Barracks  
  127  26:35  Starport Tech Lab  
  127  26:49  Command Center  
  127  26:52  Supply Depot  
  127  26:56  Supply Depot  
  127  26:57  Supply Depot  
  127  26:58  Supply Depot x2  
  127  27:00  Liberator x2  
  127  27:02  Liberator  
Tags
 
Add a new tag
Caveats
  • Supply blocks, unpowered buildings, or Contaminate may cause inaccurate times.
  • Supply counts are checked every 10 seconds.